 Dungeon Crawl Stone Soup version 0.24-a0-292-g5c6fb1c (webtiles) character file.

Game seed: 2531260677995378928

31 Chiseanne the Skirmisher (level 3, -6/30 HPs)
             Began as a Demonspawn Wanderer on May 10, 2019.
             Mangled by Sigmund
             ... wielding a +0 scythe
              (9 damage)
             ... on level 2 of the Dungeon.
             The game lasted 00:02:13 (821 turns).

Chiseanne the Skirmisher (Demonspawn Wanderer)       Turns: 821, Time: 00:02:13

Health: -6/30      AC:  3    Str: 18    XL:     3   Next: 7%
Magic:  6/6        EV: 12    Int: 15    God:
Gold:   109        SH:  0    Dex: 10    Spells: 6/6 levels left

rFire    + . .     SeeInvis .   a - +3 hand crossbow
rCold    + . .     Gourm    .   (no shield)
rNeg     . . .     Faith    .   f - +0 robe
rPois    +         Spirit   .   (no helmet)
rElec    +         Reflect  .   (no cloak)
rCorr    +         Harm     .   (no gloves)
MR       .....                  (no boots)
Stlth    +.........             (no amulet)
HPRegen  0.10/turn              (no ring)
MPRegen  0.10/turn              (no ring)

@: confused, mighty, resistant
A: rugged brown scales 1, spiny 1
a: no special abilities


You were on level 2 of the Dungeon.
You were not hungry.

You visited 1 branch of the dungeon, and saw 2 of its levels.

You collected 109 gold pieces.

Inventory:

Hand Weapons
 a - a +3 hand crossbow (weapon)
 c - a +0 shortbow
 r - a +0 short sword
Missiles
 b - 20 bolts (quivered)
 d - 21 arrows
 m - 19 sling bullets
 o - 3 stones
Armour
 f - a +0 robe (worn)
Scrolls
 l - a scroll of identify
 n - a scroll of remove curse
Potions
 e - a potion of lignification
 k - a potion of mutation
Comestibles
 h - 5 rations
 i - 2 chunks of flesh


   Skills:
 * Level 3.7 Fighting
 - Level 1.0 Crossbows
 - Level 1.0 Armour
 * Level 1.6 Dodging
 - Level 1.7 Stealth
 - Level 2.0 Spellcasting
   Level 1.0 Charms


You had 6 spell levels left.
You didn't know any spells.
Your spell library was empty.

Dungeon Overview and Level Annotations

Branches:
Dungeon (2/15)

Altars:

Annotations:
D:2 Sigmund


Innate Abilities, Weirdness & Mutations

You are partially covered in rugged brown scales. (AC +1, +3% HP)
You are partially covered in sharp spines.


Message History

Press: ? - help, Shift-Dir - straight line, f - goblin
Aim: a goblin, wielding a +0 hunting sling You shoot a bolt.
The bolt hits the goblin!
You kill the goblin!
You hear some strange, mumbled words.
You are confused.
You are more confused.
You feel invigorated.
You hear some strange, mumbled words.
Something tries to affect you, but you resist.
You feel less invigorated. Something hits you.
Found a scroll labeled SUETIRI OGITWU.
You bump into the rock wall.
You bump into the rock wall.
You hear some strange, mumbled words.
You are more confused.
You're too confused to move!
Something hits you!
* * * LOW HITPOINT WARNING * * *
You bump into the rock wall.
Something hits you!
You die...

. .. ... .... ...?.
######### ######......
#.......# #(..@...#
###.......# #(#######
..........# #.# #
##........###.# #..
.............(####....
##.........(..(.......
#........#...........
..........#...(.(...#
...<.............g....


There were no monsters in sight!

Vanquished Creatures
  2 worms
  A ball python (D:1)
  4 bats
  A giant cockroach (D:1)
  3 hobgoblins (D:1)
  3 jackals (D:1)
  3 goblins
  2 kobolds
  4 rats (D:1)
23 creatures vanquished.

Notes
Turn   | Place    | Note
-------+----------+-------------------------------------------
     0 | D:1      | Chiseanne the Demonspawn Wanderer began the quest for the
                  | Orb.
     0 | D:1      | Chiseanne set off with the following items: a +2 hand
                  | crossbow, 30 bolts, a +0 shortbow, 21 arrows, a potion of
                  | lignification, a +0 robe, a +0 dagger, a ration
     0 | D:1      | Reached XP level 1. HP: 18/18 MP: 3/3
   199 | D:1      | Gained mutation: You are partially covered in rugged brown
                  | scales. (AC +1, +3% HP) [demonic ancestry]
   199 | D:1      | Reached XP level 2. HP: 18/24 MP: 5/5
   230 | D:1      | Reached skill level 1 in Dodging
   798 | D:2      | Noticed Sigmund
   800 | D:2      | Gained mutation: You are partially covered in sharp spines.
                  | [demonic ancestry]
   800 | D:2      | Reached XP level 3. HP: 25/30 MP: 6/6
   821 | D:2      | Mangled by Sigmund

Levels and vault maps discovered:
D:1:      dpeg_arrival_rooms_c, layout_loops_ring
D:2:      layout_rooms, uniq_terence, uniq_sigmund

Skill      XL: |  1  2 |
---------------+-------+-----
Dodging        | 1 |  1.6
Fighting       | |  3.7
Crossbows      | |  1.0
Armour         | |  1.0
Stealth        | |  1.7
Spellcasting   | |  2.0
Charms         | |  1.0

Action                   || total
-------------------------++-------
 Fire: Hand crossbow     ||    47
  Use: Scroll            ||     5
       Potion            ||     3
Armor: Robe              ||     2
Dodge: Dodged            ||     9

Table legend:
 A = Non-vault XP
 B = Vault XP
 C = Vault XP percentage of total XP
 D = Non-vault monster count
 E = Vault monster count
 F = Vault count percentage of total count
                 A         B        C        D         E       F
            +---------+---------+-------+---------+---------+-------
      Total |      45 |       0 |   0.0 |      23 |       0 |   0.0
            +---------+---------+-------+---------+---------+-------
        D:1 |      31 |       0 |   0.0 |      17 |       0 |   0.0
        D:2 |      14 |       0 |   0.0 |       6 |       0 |   0.0
            +---------+---------+-------+---------+---------+-------
